 Dungeon Crawl Stone Soup version 0.18-a0-1782-gb76a692 (webtiles) character file.

49 Chiseanne the Skirmisher (level 3, 0/30 HPs)
             Began as a Demonspawn Monk on Apr 17, 2016.
             Slain by a quokka (3 damage)
             ... on level 2 of the Dungeon.
             The game lasted 00:02:17 (1155 turns).

Chiseanne the Skirmisher (Demonspawn Monk)          Turns: 1155, Time: 00:02:18

Health: 0/30       AC:  3    Str: 12    XL:     3   Next: 51%
Magic:  3/3        EV: 13    Int: 11    God:
Gold:   73         SH:  0    Dex: 15    Spells: 0 memorised, 2 levels left

rFire  . . .     SeeInvis .       - Unarmed
rCold  + . .     Gourm    .     a - +0 robe
rNeg   . . .     Faith    .     (no shield)
rPois  .         Spirit   .     (no helmet)
rElec  .         Dismiss  .     (no cloak)
rCorr  .         Reflect  .     (no gloves)
SustAt +         Harm     .     (no boots)
MR     .....                    (no amulet)
Stlth  ++........               (no ring)
                                h - ring of sustain attributes

@: not resistant to hostile enchantments, unstealthy
A: rugged brown scales 1, cold resistance 1
a: no special abilities


You were on level 2 of the Dungeon.
You were hungry.

You visited 1 branch of the dungeon, and saw 2 of its levels.

You collected 73 gold pieces.

Inventory:

Missiles
 e - 16 sling bullets
 i - 26 bolts
Armour
 a - a +0 robe (worn)
Jewellery
 h - a ring of sustain attributes (left hand)
Scrolls
 g - a scroll of remove curse
Comestibles
 b - 3 bread rations
 f - 2 meat rations


   Skills:
 * Level 3.9 Fighting
 * Level 3.4 Dodging
 - Level 1.7 Stealth
 - Level 3.6 Unarmed Combat


You had 2 spell levels left.
You didn't know any spells.

Dungeon Overview and Level Annotations

Branches:
Dungeon (2/15)

Altars:
Cheibriados
Dithmenos


Innate Abilities, Weirdness & Mutations

You are partially covered in rugged brown scales (AC +1, +3% HP).
Your flesh is cold resistant.


Message History

The bat barely misses you. The bat misses you. The bat barely misses you.
The bat hits you but does no damage. The bat hits you but does no damage.
The bat hits you but does no damage. The bat hits you but does no damage.
The bat closely misses you.
You feel a little less clever now. The bat closely misses you.
The bat misses you. The bat barely misses you. The bat hits you.
* * * LOW HITPOINT WARNING * * *
The bat misses you. The bat barely misses you.
The bat hits you but does no damage. The bat misses you.
The bat closely misses you. The bat hits you but does no damage.
The bat closely misses you. x2
The bat closely misses you. The quokka bites you.
You die...

#.§§# ### ###§#§#.##..
#.§§§_§§§... #.#§#§#.#...
##########..#§§.#.... #######
#...........§#§#.....
###.....#####....r.rg............
..'.............@b.g.g...........
###.....#####................?..#
#.....# #...................#
#.....# #)..................#
#.....# #..........#.......##
####### #..........#.......#
#..........#.......##
###'#####.≈≈≈.......# #.#
##.≈≈≈≈≈##....#


You could see 2 gnolls, a quokka, a goblin, a bat and a rat.

Vanquished Creatures
  A gnoll (D:2)
  An adder (D:2)
  3 dart slugs
  A giant gecko (D:1)
  4 giant cockroaches (D:1)
  4 goblins
  3 hobgoblins (D:1)
  2 kobolds (D:1)
  3 bats
  A giant newt (D:1)
  A rat (D:1)
24 creatures vanquished.

Notes
Turn   | Place    | Note
--------------------------------------------------------------
     0 | D:1      | Chiseanne the Demonspawn Monk began the quest for the Orb.
     0 | D:1      | Reached XP level 1. HP: 18/18 MP: 1/1
   126 | D:1      | Gained mutation: You are partially covered in rugged brown scales (AC +1, +3% HP). [demonic ancestry]
   126 | D:1      | Reached XP level 2. HP: 18/24 MP: 2/2
   938 | D:2      | Gained mutation: Your flesh is cold resistant. [demonic ancestry]
   938 | D:2      | Reached XP level 3. HP: 16/30 MP: 3/3
  1076 | D:2      | Found a snail-covered altar of Cheibriados.
  1125 | D:2      | HP: 1/30 [gnoll/club (7)]
  1138 | D:2      | Found a shadowy altar of Dithmenos.
  1155 | D:2      | Slain by a quokka

Vault maps used:
D:1:      lemuel_arrival_cross
D:2:      kennysheep_slug_shrine, grunt_dithmenos_smoke_and_mirrors,
          ecumenical_altar_1, ashenzari_altar_1

Skill      XL: |  1  2 |
---------------+-------+-----
Dodging        | 3 |  3.4
Fighting       | |  3.9
Stealth        | |  1.7
Unarmed Combat | |  3.6

Action                   || total
-------------------------++-------
Melee: Unarmed           ||   103
       Punch             ||     1
  Use: Scroll            ||     2
       Potion            ||     2
 Stab: Sleeping          ||     3
Armor: Robe              ||    28
Dodge: Dodged            ||    72
